 Dungeon Crawl Stone Soup version 0.22-a0-305-gd21a89c (webtiles) character file.

928 xccam the Chopper (level 8, -5/58 HPs)
             Began as a Formicid Fighter on Mar 30, 2018.
             Was an Initiate of Cheibriados.
             Slain by xccam's ghost (9 damage)
             ... on level 4 of the Dungeon.
             The game lasted 00:06:08 (2705 turns).

xccam the Chopper (Formicid Fighter)                Turns: 2705, Time: 00:06:08

Health: -5/58      AC:  9    Str: 25    XL:     8   Next: 32%
Magic:  8/8        EV:  9    Int:  8    God:    Cheibriados [......]
Gold:   151        SH: 11    Dex: 11    Spells: 7/7 levels left

rFire    . . .     SeeInvis +   a - +0 war axe
rCold    . . .     Gourm    .   c - +0 shield
rNeg     . . .     Faith    .   b - +0 scale mail
rPois    .         Spirit   .   (helmet unavailable)
rElec    .         Reflect  .   (no cloak)
rCorr    .         Harm     .   p - +0 pair of gloves
MR       .....                  n - +0 pair of boots
Stlth    ..........             g - amulet of magic regeneration
HPRegen  0.19/turn              (no ring)
MPRegen  0.36/turn              (no ring)

@: flying, very slow
A: permanent stasis, dig shafts and tunnels, four strong arms, antennae 3
a: Dig, Shaft Self, Bend Time, Renounce Religion


You were on level 4 of the Dungeon.
You worshipped Cheibriados.
Cheibriados was noncommittal.
You were hungry.

You visited 2 branches of the dungeon, and saw 5 of its levels.

You collected 151 gold pieces.

Inventory:

Hand Weapons
 a - a +0 war axe (weapon)
Armour
 b - a +0 scale mail (worn)
 c - a +0 shield (worn)
 n - a +0 pair of boots (worn)
 p - a +0 pair of gloves (worn)
Jewellery
 d - an uncursed ring of fire
 g - an amulet of magic regeneration (around neck)
Wands
 q - a wand of iceblast (6)
 u - a wand of polymorph (10)
Scrolls
 e - 7 scrolls of identify {unknown}
 h - 5 scrolls of teleportation {unknown}
 j - a scroll of enchant weapon {unknown}
 l - 3 scrolls of blinking {unknown}
 m - a scroll of fog {unknown}
 r - a scroll of amnesia {unknown}
 s - a scroll of remove curse {unknown}
Comestibles
 f - 6 rations


   Skills:
 - Level 3.2 Fighting
 * Level 7.6 Axes
 - Level 3.2 Armour
 + Level 7.1 Shields


You had 7 spell levels left.
You didn't know any spells.

Dungeon Overview and Level Annotations

Branches:
Dungeon (4/15)             Temple (1/1) D:4

Altars:
Cheibriados
Elyvilon
Hepliaklqana
Vehumet
Xom

Annotations:
D:4 xccam's ghost, novice FoFi


Innate Abilities, Weirdness & Mutations

You cannot be hasted, slowed, berserked, paralysed or teleported.
You can dig through walls and to a lower floor.
Your four strong arms can wield two-handed weapons with a shield.
You have a pair of large antennae on your head. (SInv)


Message History

Xccam's ghost hits you but does no damage.
You hit xccam's ghost but do no damage.
Xccam's ghost is heavily damaged.
Xccam's ghost hits you.
You hit xccam's ghost but do no damage.
Xccam's ghost is heavily damaged.
Xccam's ghost hits you!
* * * LOW HITPOINT WARNING * * *
Xccam's ghost hits you but does no damage.
Xccam's ghost closely misses you. Xccam's ghost hits you!
* * * LOW HITPOINT WARNING * * *
Xccam's ghost ripples.
The flow of time bends around you.
Xccam's ghost resists with some effort.
You feel slightly more hungry. You block xccam's ghost's attack.
You block xccam's ghost's attack. You block xccam's ghost's attack.
Xccam's ghost mumbles, "They all look like pillowcases to me..."
Xccam's ghost hits you!
You die...

.#####.# #..#....#
#............ .......#
#.....### ##.#.........
##.#####
#.....#######.########..
#.# ####...........# #.#
#.### #.####..##..# #.##
#...#
######.####..#...#######
###.#
#..........).#.......#.
#.#
#.####.##.#..).).......
#.###.##
#.##@#......#.#.#.
#.##...#
#....W....#.......
#...>..#
#.#####.........#.
####...#
#.#####.....b...#. #####
#.................
#########........
####.####### #......#
#.##.#.#


You could see xccam's ghost.

Vanquished Creatures
  Grinder (D:4)
  Eustachio (D:4)
  The ghost of xccam the Shield-Bearer, an amateur FoFi (D:3)
  An ogre (D:4)
  A centaur (D:2)
  A scorpion (D:4)
  A bullfrog skeleton (D:4)
  An iguana (Temple)
  3 worker ants
  7 adders
  3 oozes (D:1)
  An adder skeleton (D:4)
  3 worms
  A dart slug (D:2)
  4 leopard geckos
  An orc (D:4)
  8 bats
  3 giant cockroaches
  7 goblins
  5 hobgoblins
  A jackal (D:1)
  2 quokkas
  A ball python (D:2)
  4 frilled lizards
  2 kobolds
  A quokka skeleton (D:4)
  10 rats
75 creatures vanquished.

Notes
Turn   | Place    | Note
-------+----------+-------------------------------------------
     0 | D:1      | xccam the Formicid Fighter began the quest for the Orb.
     0 | D:1      | Reached XP level 1. HP: 18/18 MP: 1/1
    69 | D:1      | Reached XP level 2. HP: 20/24 MP: 2/2
    97 | D:1      | Reached XP level 3. HP: 25/29 MP: 3/3
   457 | D:2      | Noticed a centaur
   464 | D:2      | HP: 1/29 [centaur (8)]
   465 | D:2      | Killed a centaur
   465 | D:2      | Reached XP level 4. HP: 1/35 MP: 4/4
   465 | D:2      | Reached XP level 5. HP: 1/41 MP: 5/5
  1046 | D:2      | Reached skill level 5 in Shields
  1433 | D:3      | Noticed xccam's ghost (amateur FoFi)
  1445 | D:3      | Killed xccam's ghost
  1445 | D:3      | Reached skill level 5 in Axes
  1445 | D:3      | Reached XP level 6. HP: 25/47 MP: 6/6
  1533 | D:3      | Found a shimmering altar of Xom.
  1901 | D:4      | Noticed Grinder
  1937 | D:4      | Noticed an ogre
  1943 | D:4      | Killed an ogre
  1943 | D:4      | Reached XP level 7. HP: 52/52 MP: 7/7
  2002 | D:4      | Noticed xccam's ghost (novice FoFi)
  2120 | D:4      | Killed Grinder
  2203 | D:4      | Found a staircase to the Ecumenical Temple.
  2204 | D:4      | Noticed Eustachio
  2210 | Temple   | Entered the Ecumenical Temple
  2231 | Temple   | Became a worshipper of Cheibriados the Contemplative
  2273 | Temple   | Reached XP level 8. HP: 38/58 MP: 8/8
  2430 | D:4      | Killed Eustachio
  2693 | D:4      | HP: 1/58 [xccam's ghost (15)]
  2705 | D:4      | Slain by xccam's ghost

Vault maps used:
D:1:      dpeg_arrival_shrine, minmay_pentomino_s4
D:2:      first_ration, kennysheep_generic_room_12
D:3:      xom_teletrap_fun, kennysheep_generic_room_15
D:4:      minmay_temple_entry_butterflies, uniq_eustachio, uniq_grinder
Temple:   minmay_crystal_spiral_temple

Skill      XL: |  1  2  3  4  5  6  7  8 |
---------------+-------------------------+-----
Shields        | 4 5 6 7 |  7.1
Axes           | 4 5 6 7 |  7.6
Fighting       | |  3.2
Armour         | |  3.2

Action                   |  1- 3 |  4- 6 |  7- 9 || total
-------------------------+-------+-------+-------++-------
Melee: War axe           |    66 |   117 |   114 ||   297
Invok: Bend Time         |       |       |     4 ||     4
  Use: Potion            |     1 |     1 |     3 ||     5
  Eat: Chunk             |       |     3 |     3 ||     6
Armor: Scale mail        |    32 |    36 |    46 ||   114
Dodge: Dodged            |    26 |    34 |    46 ||   106
Block: Shield            |    44 |    58 |    64 ||   166

Table legend:
 A = Spawn XP
 B = Non-spawn XP
 C = Spawn XP percentage of total XP
 D = Spawn monster count
 E = Non-spawn monster count
 F = Spawn count percentage of total count
 G = Total turns spent on level
                    A         B        C        D         E        F      G
               +---------+---------+-------+---------+---------+-------+---------
         Total |       0 |    1327 |   0.0 |       0 |      75 |   0.0 |  2705
               +---------+---------+-------+---------+---------+-------+---------
           D:1 |       0 |      58 |   0.0 |       0 |      24 |   0.0 |   436
           D:2 |       0 |     172 |   0.0 |       0 |      20 |   0.0 |   842
           D:3 |       0 |     257 |   0.0 |       0 |      17 |   0.0 |   659
           D:4 |       0 |     770 |   0.0 |       0 |      12 |   0.0 |   583
        Temple |       0 |      70 |   0.0 |       0 |       2 |   0.0 |   185
               +---------+---------+-------+---------+---------+-------+---------
